 Dungeon Crawl Stone Soup version 0.29.1-15-g9cfb28693d (webtiles) character file.

Game seed: 782939224741716270

137 Ast3rio the Shield-Bearer (level 5, -4/42 HPs)
             Began as a Formicid Fighter on Mar 23, 2023.
             Engulfed by a steam dragon's steam (16 damage)
             ... on level 3 of the Dungeon.
             The game lasted 00:03:16 (2105 turns).

Ast3rio the Shield-Bearer (Formicid Fighter)        Turns: 2105, Time: 00:03:17

Health: -4/42      AC:  4    Str: 29    XL:     5   Next: 43%
Magic:  5/5        EV: 10    Int:  7    God:
Gold:   117        SH:  5    Dex: 13    Spells: 4/4 levels left

rFire   . . .      SeeInvis +   e - +2 sling (flame)
rCold   . . .      Faith    .   c - +0 buckler
rNeg    + . .      Spirit   .   k - +1 leather armour of the Shining Light {rN+ Str+6}
rPois   .          Reflect  .   (helmet unavailable)
rElec   .          Harm     .   (no cloak)
rCorr   .          Rampage  .   (no gloves)
Will    .....                   (no boots)
Stlth   +.........              (no amulet)
HPRegen 0.14/turn               (no ring)
MPRegen 0.09/turn               (no ring)

@: no status effects
A: permanent stasis, dig shafts and tunnels, antennae 3, four strong arms
a: Dig, Shaft Self


You were on level 3 of the Dungeon.
You visited 1 branch of the dungeon, and saw 3 of its levels.

You collected 117 gold pieces.

Inventory:

Hand Weapons
 a - a +0 war axe
 e - a +2 sling of flaming (weapon)
Armour
 b - a +0 scale mail
 c - a +0 buckler (worn)
 k - the +1 leather armour of the Shining Light (worn) {rN+ Str+6}
   (You found it on level 2 of the Dungeon)

   Str:       It affects your strength (+6).
   rN:        It protects you from negative energy.
Jewellery
 l - an amulet of reflection
Scrolls
 h - 2 scrolls of immolation {unknown}
 i - a scroll of noise {unknown}
 j - 2 scrolls of teleportation {unknown}
 m - a scroll of enchant armour {unknown}
 n - 2 scrolls of identify {unknown}
 o - a scroll of brand weapon {unknown}
Potions
 d - a potion of might
 f - a potion of magic {unknown}
 g - 2 potions of attraction
 p - a potion of brilliance {unknown}


   Skills:
 * Level 4.1 Fighting
 + Level 2.1 Axes
 * Level 3.1 Ranged Weapons
 + Level 3.7 Armour
 + Level 0.2 Dodging
 + Level 4.5 Shields


You had 4 spell levels left.
You didn't know any spells.
Your spell library contained the following spells:

 Spells                   Type           Power      Damage    Failure   Level
 Lesser Beckoning         Tloc           0%         N/A       88%         3
 Manifold Assault         Tloc           0%         N/A       100%        5
 Blink                    Tloc           Unusable   N/A       N/A         2

Dungeon Overview and Level Annotations

Branches:
Dungeon (3/15)

Altars:


Innate Abilities, Weirdness & Mutations

You cannot be hasted, slowed, berserked, paralysed or teleported.
You can dig through walls and to a lower floor.
You have a pair of large antennae on your head. (SInv)
Your four strong arms can wield two-handed weapons with a shield.


Message History

There is a stone staircase leading up here.
Found a stone staircase leading up.
As you open the door, it creaks loudly!
You hear a shout!
You hear an angry hiss. x2
An orc, a steam dragon and an endoplasm come into view.
Found 6 gold pieces.
The orc shouts!
The steam dragon hisses angrily.
The endoplasm quivers.
A ball python comes into view.
A frilled lizard comes into view.
The orc moves out of view.
There is an open door here.
You shoot a sling bullet.
The sling bullet barely misses the steam dragon.
You shoot a sling bullet.
The sling bullet hits the steam dragon but does no damage.
The steam dragon bites you. The steam dragon closely misses you.
You shoot a sling bullet. The sling bullet hits the steam dragon.
The sling bullet burns the steam dragon.
The steam dragon is lightly wounded.
The steam dragon breathes steam at you. The ball of steam hits you!!
Ouch! That really hurt!
* * * LOW HITPOINT WARNING * * *
Okay, then.
Really attack while wielding your +2 sling of flaming? [Y]es or [N]o only, please.
Really attack while wielding your +2 sling of flaming?
Okay, then.
You're standing in a cloud of steam!
You are too injured to fight recklessly!
Unknown command.
You are too injured to fight recklessly!
Fire: e) +2 sling (flame)
Press: ? - help, Q - select action, (/) - cycle Shift-Dir - straight line, f/p - steam dragon
Aim: a steam dragon (lightly wounded, catching its breath, 60% to hit)
You shoot a sling bullet. The sling bullet hits the steam dragon.
The sling bullet burns the steam dragon.
The steam dragon is moderately wounded.
You are engulfed in a cloud of scalding steam.
You die...

#...# #......# #...######
#......# #........## #......#
#...####..##########......#
#....<............##......###
#...######.######............
#...# #...# ####......###
##### ###.#########.##†(##
#@.<........###...
##D#.#####........ #J###
##.###### #o# {#.# ####
..l...{S.....{.#.###...
.....#####.....#.....## #..D
{{{ J..##..#### ##. { .###.##
# { #....#


You could see a steam dragon (catching breath), an orc, an endoplasm and a ball
python.

Vanquished Creatures
  A hound (D:3)
  A gnoll (D:1)
  3 adders (D:2)
  A worm (D:2)
  3 dart slugs
  3 bats
  6 endoplasms
  3 giant cockroaches
  7 goblins
  6 hobgoblins
  5 quokkas
  6 ball pythons
  A frilled lizard (D:1)
  3 kobolds
  8 rats
57 creatures vanquished.

Vanquished Creatures (others)
  2 plants (D:1)
2 creatures vanquished.

Grand Total: 59 creatures vanquished

Notes
Turn   | Place    | Note
-------+----------+-------------------------------------------
     0 | D:1      | Ast3rio the Formicid Fighter began the quest for the Orb.
     0 | D:1      | Reached XP level 1. HP: 18/18 MP: 1/1
    17 | D:1      | Reached XP level 2. HP: 24/24 MP: 2/2
   132 | D:1      | Reached XP level 3. HP: 28/29 MP: 3/3
   985 | D:2      | Identified the +1 leather armour of the Shining Light {rN+
                  | Str+6}
  1093 | D:2      | Reached skill level 1 in Ranged Weapons
  1101 | D:2      | Reached XP level 4. HP: 37/37 MP: 4/4
  1735 | D:2      | Reached XP level 5. HP: 39/42 MP: 5/5
  2097 | D:3      | Noticed a steam dragon
  2105 | D:3      | Engulfed by a steam dragon's steam

Illustrated notes

Levels and vault maps discovered:
D:1:      lightli_arrival_flooded_house, layout_loops_ring,
          nicolae_grassy_gnolls
D:2:      kb_forest_paths, layout_rooms, serial_aquarium,
          aquarium_bridge_straight [aquarium_subvault_bridge,
          aquarium_subvault_wall, aquarium_subvault_bridge,
          aquarium_subvault_wall], aquarium_bridge_square
          [aquarium_subvault_wall, aquarium_subvault_window,
          aquarium_subvault_bridge, aquarium_subvault_window],
          aquarium_window_corridor_1, aquarium_window_1, aquarium_view_2d,
          aquarium_view_2b, aquarium_pool_2, kennysheep_generic_room_16
D:3:      minmay_octagon_keep, layout_rooms, serial_bayou_lake_a

Skill      XL: |  1  2  3  4  5 |
---------------+----------------+-----
Ranged Weapons | 1 2 3 |  3.1
Fighting       | 4 |  4.1
Axes           | |  2.1
Armour         | |  3.7
Dodging        | |  0.2
Shields        | |  4.5

Action                   |  1- 3 |  4- 6 || total
-------------------------+-------+-------++-------
Melee: War axe           |    24 |       ||    24
 Fire: Sling             |    62 |    76 ||   138
  Use: Potion            |       |     1 ||     1
Armor: Scale mail        |    26 |       ||    26
       Leather armour    |     3 |    16 ||    19
Dodge: Dodged            |    37 |    19 ||    56
Block: Buckler           |    12 |    17 ||    29
